 Dungeon Crawl Stone Soup version 0.26.1-2-gb8aa6d0cf2 (webtiles) character file.

Game seed: 11301778360055421768

7920 MalarOregon the Placeless Halfling (level 11, -1/73 HPs)
             Began as a Halfling Warper on Mar 28, 2021.
             Was a Believer of Makhleb.
             Slain by a fire bat (3 damage)
             ... on level 2 of the Abyss.
             The game lasted 00:40:05 (15111 turns).

MalarOregon the Placeless Halfling (HaWr)          Turns: 15111, Time: 00:40:06

Health: -1/73      AC: 15    Str: 14    XL:     11   Next: 46%
Magic:  0/19       EV: 14    Int: 12    God:    Makhleb [**....]
Gold:   156        SH:  0    Dex: 15    Spells: 1/21 levels left

rFire    . . .     SeeInvis .   a - +2 dagger (elec)
rCold    + . .     Faith    .   (shield restricted)
rNeg     . . .     Spirit   +   K - +2 scale mail {Will+}
rPois    +         Reflect  .   j - +2 hat of Fipip {rElec rC+}
rElec    +         Harm     .   w - +2 cloak {rPois}
rCorr    +         Rampage  .   (no gloves)
Will     +....                  (no boots)
Stlth    ..........             y - amulet of guardian spirit
HPRegen  0.00/turn              l - ring of resist corrosion
MPRegen  0.16/turn              s - ring of wizardry

@: non-regenerating, diseased
A: small, mutation resistance 1
a: Renounce Religion, Minor Destruction


You were on level 2 of the Abyss.
You worshipped Makhleb.
Makhleb was pleased with you.
You visited 2 branches of the dungeon, and saw 10 of its levels.
You visited the Abyss 1 time.
You also visited: Ossuary.

You collected 856 gold pieces.
You spent 700 gold pieces at shops.

Inventory:

Hand Weapons
 a - a +2 dagger of electrocution (weapon)
   (You took it off a goblin on level 1 of the Dungeon)
 b - a +1 short sword of venom
   (You took it off an orc on level 3 of the Dungeon)
 v - a +3 scimitar
   (You took it off a wight on level 7 of the Dungeon)
Missiles
 c - 157 stones
 e - 5 boomerangs of dispersal {!f}
 i - 5 throwing nets {!f}
 n - 48 poisoned darts (quivered)
 C - 20 boomerangs
Armour
 j - the +2 hat of Fipip (worn) {rElec rC+}
   (You found it on level 5 of the Dungeon)

   It protects you from cold.
   It insulates you from electricity.
 o - +2 swamp dragon scales
   (You took it off Maggie on level 7 of the Dungeon)
 w - a +2 cloak of poison resistance (worn)
   (You found it on level 3 of the Dungeon)
 x - a +0 leather armour of fire resistance
   (You took it off an orc on level 6 of the Dungeon)
 K - a +2 scale mail of willpower (worn)
   (You took it off an orc on level 8 of the Dungeon)
Jewellery
 k - an uncursed ring of poison resistance
   (You found it on level 1 of the Dungeon)
 l - a ring of resist corrosion (left hand)
   (You found it on level 1 of the Dungeon)
 s - a ring of wizardry (right hand)
   (You found it on level 3 of the Dungeon)
 y - an amulet of guardian spirit (around neck)
   (You found it on level 4 of the Dungeon)
Wands
 d - a wand of iceblast (1)
   (You found it on level 4 of the Dungeon)
Scrolls
 g - 3 scrolls of remove curse {@r2}
 p - 2 scrolls of fog
 r - a scroll of holy word {unknown}
 D - a scroll of blinking
 G - a scroll of acquirement {unknown}
 J - 4 scrolls of identify {@r1}
Potions
 f - a potion of mutation {!q}
 h - a potion of flight {unknown}
 m - 3 potions of attraction {unknown}
 q - a potion of haste {@q3}
 u - a potion of magic {unknown}
 z - 3 potions of lignification {!q}
 A - a potion of heal wounds {@q2}
 E - a potion of ambrosia {unknown}
 F - 2 potions of curing {unknown}
 I - a potion of invisibility {unknown}


   Skills:
 + Level 6.3 Fighting
 + Level 7.0 Long Blades
 + Level 6.7 Throwing
 + Level 7.4 Armour
 - Level 5.0 Dodging
 + Level 5.5 Spellcasting
 + Level 8.2 Translocations


You had one spell level left.
You knew the following spells:

 Your Spells              Type           Power        Failure   Level
a - Gell's Gravitas       Tloc           11%          2%          3
b - Blink                 Tloc           N/A          1%          2
c - Lesser Beckoning      Tloc           11%          2%          3
d - Teleport Other        Tloc           23%          2%          3
e - Apportation           Tloc           46%          1%          1
v - Passage of Golubria   Tloc           N/A          9%          4
x - Iskenderun's Mystic   Conj/Tloc      13%          43%         4

Your spell library contained the following spells:

 Spells                   Type           Power        Failure   Level
 Animate Skeleton         Necr           6%           26%         1
 Corona                   Hex            3%           26%         1
 Foxfire                  Conj/Fire      12%          26%         1
 Magic Dart               Conj           12%          26%         1
 Summon Small Mammal      Summ           12%          26%         1
 Call Imp                 Summ           3%           38%         2
 Searing Ray              Conj           6%           38%         2
 Slow                     Hex            3%           38%         2
 Conjure Flame            Conj/Fire      3%           58%         3
 Dazzling Flash           Conj/Hex       6%           58%         3
 Inner Flame              Hex/Fire       3%           58%         3
 Mephitic Cloud           Conj/Pois/Air  3%           58%         3
 Tukima's Dance           Hex            3%           58%         3
 Fulminant Prism          Conj/Hex       1%           92%         4
 Sticky Flame             Conj/Fire      3%           92%         4
 Alistair's Intoxication  Tmut/Pois      2%           99%         5
 Fireball                 Conj/Fire      1%           99%         5
 Invisibility             Hex            3%           100%        6


Dungeon Overview and Level Annotations

Branches:
Dungeon (9/15)             Temple (1/1) D:6            Lair (0/6) D:9
Ossuary (visited)
    Orc: D:9-12

Altars:
Ashenzari
Cheibriados
Dithmenos
Elyvilon
Fedhas
Gozag
Hepliaklqana
Kikubaaqudgha
Makhleb
Nemelex Xobeh
Okawaru
Qazlal
Ru
Sif Muna
Trog
Uskayaw
Vehumet
Wu Jian
Xom
Yredelemnul
Zin
The Shining One

Shops:
D:7 :

Annotations:
D:9 Erolcha


Innate Abilities, Weirdness & Mutations

You are small and have problems with some larger weapons.
You are somewhat resistant to further mutation.


Message History

You feel yourself growing ill in the presence of the ancient zyme.
Found 19 stones.
You feel yourself growing ill in the presence of the ancient zyme.
Here: an ancient zyme The floor.
You hit the ancient zyme. The ancient zyme barely misses you.
The ancient zyme hits you.
* * * LOW HITPOINT WARNING * * *
You feel ill.
You barely miss the ancient zyme. You hit the ancient zyme.
The ancient zyme hits you.
* * * LOW HITPOINT WARNING * * *
The ancient zyme misses you.
You hit the ancient zyme.
Lightning courses through the ancient zyme!
The ancient zyme hits you but does no damage.
The ancient zyme misses you.
You barely miss the ancient zyme. The ancient zyme closely misses you.
The ancient zyme barely misses you.
You hit the ancient zyme but do no damage.
Lightning courses through the ancient zyme!
You hit the ancient zyme.
Lightning courses through the ancient zyme!
The ancient zyme hits you.
* * * LOW HITPOINT WARNING * * *
The ancient zyme misses you.
You blink.
Unknown command.
You feel ill. The fire bat bites you.
* * * LOW HITPOINT WARNING * * *
You are engulfed in flames.
* * * LOW HITPOINT WARNING * * *
The fire bat bites you.
* * * LOW HITPOINT WARNING * * *
You are engulfed in flames!
* * * LOW HITPOINT WARNING * * *
Unknown command.
The fire bat misses you.
You feel ill. The fire bat closely misses you. The fire bat barely misses you.
The fire bat closely misses you. The fire bat barely misses you.
The fire bat misses you. The fire bat bites you.
You are engulfed in flames.
* * * LOW HITPOINT WARNING * * *
Okay, then.
The fire bat bites you.
* * * LOW HITPOINT WARNING * * *
You are engulfed in flames.
You die...

#### ## ..#.## #.
#.#.#. ##
###.#...#..
#......#.#### ###
....##... .# #.##
#.#.#....X.####@.#
.##......x...#.b.##
..##.##.###xX..###
#....#..#...##..#
#..####.......##.#
#X.....#..##.. ...
.##..#.........
.... .# .##
....#..## .##. #...
....#..#.# #


You could see an ancient zyme, a large abomination and a fire bat.

Vanquished Creatures
  Harold (D:7)
  Pikel (D:7)
  Maggie (D:7)
  A dream sheep (D:8)
  An air elemental (Abyss:2)
  A wyvern (D:9)
  A vampire (Abyss:2)
  2 wraiths (D:7)
  Grum (D:9)
  Menkaure (D:4)
  A water moccasin (D:7)
  Duvessa (D:7)
  4 orc warriors
  2 ice beasts
  3 sky beasts
  5 phantoms
  A black bear (D:8)
  2 small abominations (Abyss:2)
  A necrophage (D:7)
  2 ogres
  6 centaurs
  4 wolves
  A big kobold (D:7)
  3 bullfrogs
  A gnoll sergeant (D:8)
  2 scorpions
  Dowan (D:7)
  4 wights
  6 howler monkeys
  3 hounds
  3 jellies
  2 centaur skeletons
  A gnoll shaman (D:4)
  2 orc priests (D:7)
  15 orc wizards
  A bullfrog skeleton (D:5)
  3 iguanas
  2 human zombies (Ossuary)
  4 worker ants
  5 big kobold zombies (Ossuary)
  A hound skeleton (D:7)
  3 mummies
  A worker ant zombie (D:7)
  11 adders
  16 gnolls
  A howler monkey skeleton (D:4)
  3 white imps
  5 ufetubi
  5 worms
  4 dart slugs
  6 leopard geckos
  36 orcs
  9 bats
  2 giant cockroaches
  5 goblins
  12 hobgoblins
  6 jackals
  14 kobolds
  5 quokkas
  A ball python (D:3)
  3 frilled lizards
  4 goblin zombies
  3 hobgoblin zombies (Ossuary)
  A kobold zombie (D:6)
  A leopard gecko skeleton (D:5)
  An orc zombie (Ossuary)
  A quokka skeleton (D:4)
  2 quokka zombies (D:7)
  5 rats
269 creatures vanquished.

Vanquished Creatures (others)
  3 withered plants (D:7)
3 creatures vanquished.

Grand Total: 272 creatures vanquished

Notes
Turn   | Place    | Note
-------+----------+-------------------------------------------
     0 | D:1      | MalarOregon the Halfling Warper began the quest for the
                  | Orb.
     0 | D:1      | Reached XP level 1. HP: 14/14 MP: 3/3
   401 | D:1      | Reached XP level 2. HP: 16/19 MP: 4/4
   647 | D:1      | Reached XP level 3. HP: 24/24 MP: 5/5
  1420 | D:2      | Reached XP level 4. HP: 29/29 MP: 6/6
  2502 | D:3      | Found a blossoming altar of Fedhas.
  2564 | D:3      | Reached XP level 5. HP: 35/35 MP: 8/8
  2908 | D:3      | Reached skill level 4 in Translocations
  3347 | D:3      | Noticed a sky beast
  3377 | D:3      | Killed a sky beast
  3378 | D:3      | Reached XP level 6. HP: 35/41 MP: 9/9
  3584 | D:3      | Found a faded altar of an unknown god.
  3867 | D:4      | Reached XP level 7. HP: 15/46 MP: 10/10
  4138 | D:3      | Learned a level 2 spell: Blink
  4142 | D:3      | Learned a level 3 spell: Gell's Gravitas
  4146 | D:3      | Learned a level 3 spell: Lesser Beckoning
  4150 | D:3      | Learned a level 3 spell: Teleport Other
  4162 | D:4      | Noticed Menkaure
  4169 | D:4      | Killed Menkaure
  4516 | D:4      | Reached skill level 5 in Translocations
  4559 | D:4      | Reached XP level 8. HP: 26/52 MP: 12/12
  5103 | D:4      | Found a radiant altar of Vehumet.
  5103 | D:4      | Found a broken altar of Ashenzari.
  5110 | D:4      | Found an opulent altar of Gozag.
  5237 | D:5      | Entered Level 5 of the Dungeon
  5901 | D:5      | Reached XP level 9. HP: 32/58 MP: 12/14
  6153 | D:5      | Got a scorched hat
  6166 | D:5      | Identified the +2 hat of Fipip {rElec rC+} (You found it on
                  | level 5 of the Dungeon)
  6431 | D:6      | Reached skill level 6 in Translocations
  6460 | D:6      | Reached skill level 5 in Armour
  6554 | D:6      | Reached skill level 5 in Long Blades
  6609 | D:6      | Found a sand-covered staircase.
  6619 | Ossuary  | Entered an ossuary
  7191 | D:6      | Found a staircase to the Ecumenical Temple.
  7200 | Temple   | Entered the Ecumenical Temple
  7408 | Temple   | Became a worshipper of Makhleb the Destroyer
  7916 | D:6      | Learned a level 4 spell: Passage of Golubria
  7918 | D:6      | Learned a level 1 spell: Apportation
  7982 | D:7      | Reached skill level 5 in Throwing
  8016 | D:7      | Noticed Harold
  8030 | D:7      | Reached * piety under Makhleb
  8090 | D:7      | Killed Harold
  8091 | D:7      | Reached skill level 5 in Fighting
  8091 | D:7      | Reached XP level 10. HP: 27/66 MP: 7/16
  8347 | D:7      | Noticed Pikel
  8365 | D:7      | Killed Pikel
  8366 | D:7      | Reached skill level 7 in Translocations
  8390 | D:7      | Noticed Maggie
  8433 | D:7      | Killed Maggie
  8463 | D:7      | Noticed Dowan
  8483 | D:7      | Killed Dowan
  8494 | D:7      | Noticed Duvessa
  8634 | D:7      | Found the +5 scythe "Finisher" {speed, eviscerate}
  8686 | D:7      | Found Neqiug's Book Boutique.
  8837 | D:7      | Killed Duvessa
  9262 | D:8      | Reached skill level 5 in Dodging
  9509 | D:8      | Reached ** piety under Makhleb
  9510 | D:8      | Reached skill level 5 in Spellcasting
  9528 | D:8      | Reached XP level 11. HP: 72/72 MP: 18/18
  9824 | D:8      | Noticed a two-headed ogre
 10970 | D:8      | a two-headed ogre changed into a dream sheep
 11155 | D:7      | Bought a book of Party Tricks for 700 gold pieces
 11160 | D:7      | Learned a level 4 spell: Iskenderun's Mystic Blast
 11530 | D:7      | Found Neqiug's Book Boutique.
 12775 | D:9      | Noticed a death yak
 13069 | D:9      | Found a staircase to the Lair.
 13342 | D:9      | Reached skill level 8 in Translocations
 13606 | D:9      | Noticed Grum
 13844 | D:9      | Killed Grum
 14495 | D:9      | Noticed Erolcha
 14504 | D:9      | Cast into level 2 of the Abyss (Erolcha)
 14553 | Abyss:2  | Found a corrupted altar of Lugonu.
 14810 | Abyss:2  | Noticed a blizzard demon
 14960 | Abyss:2  | Noticed a death drake
 14966 | Abyss:2  | Noticed a starcursed mass
 15055 | Abyss:2  | Noticed a large abomination
 15110 | Abyss:2  | HP: 3/73 [fire bat (3)]
 15111 | Abyss:2  | Slain by a fire bat

Illustrated notes

Levels and vault maps discovered:
D:1:      dpeg_arrival_rooms_a, layout_loops_ring, serial_forest,
          infiniplex_forest_straight_4, infiniplex_forest_straight_3,
          infiniplex_forest_diagonal, infiniplex_forest_corner_1,
          infiniplex_forest_clump_tiny, infiniplex_forest_lined_ring,
          infiniplex_forest_end_3, kennysheep_flooded_box, minmay_vboxes
D:2:      layout_basic
D:3:      layout_loops_cross, old_standard_altar,
          chequers_ecumenical_altar_twisty
D:4:      layout_basic, minitemple, uniq_menkaure
D:5:      layout_loops_ring
D:6:      layout_rooms, minmay_temple_entry_trees, nicolae_ossuary_entry_giza
D:7:      layout_rooms, serial_undead, serial_undead_e, serial_undead_c,
          serial_undead_e, serial_undead_d, serial_shops, kennysheep_mini_moat,
          minmay_guarded_unrand_finisher, uniq_duvessa, uniq_pikel, uniq_harold,
          uniq_maggie
D:8:      layout_basic
D:9:      layout_grid_maze, dpeg_lair_monsters, uniq_grum, uniq_erolcha
Temple:   hc_temple_tempest_star
Abyss:2:  base: D:6, evilmike_abyss_exit_1

Skill      XL: |  1  2  3  4  5  6  7  8  9 10 11 |
---------------+----------------------------------+-----
Fighting       | 2 3 4 5 6 |  6.3
Spellcasting   | 2 3 4 5 |  5.5
Armour         | 2 3 4 6 7 |  7.4
Throwing       | 2 3 4 5 6 |  6.7
Translocations | 4 5 6 7 8 |  8.2
Long Blades    | 3 4 5 6 7 |  7.0
Dodging        | 4 5 |  5.0

Action                   |  1- 3 |  4- 6 |  7- 9 | 10-12 || total
-------------------------+-------+-------+-------+-------++-------
Melee: Falchion          |    35 |       |       |       ||    35
       Dagger            |    74 |   113 |   230 |   291 ||   708
       Short sword       |       |    67 |   274 |   249 ||   590
       Unarmed           |       |       |       |     7 ||     7
       Scimitar          |       |       |       |    14 ||    14
Throw: Stone             |     5 |       |       |       ||     5
       Dart              |       |    20 |    36 |     9 ||    65
 Cast: Gell's Gravitas   |       |       |     5 |       ||     5
       Blink             |       |       |     1 |     5 ||     6
       Lesser Beckoning  |       |       |       |     3 ||     3
Evoke: Wand              |       |       |       |    10 ||    10
  Use: Scroll            |       |       |    15 |     3 ||    18
       Potion            |       |       |       |     3 ||     3
 Stab: Sleeping          |       |     1 |       |       ||     1
Armor: Leather armour    |    14 |    52 |     7 |       ||    73
       Scale mail        |       |       |   179 |   117 ||   296
       Swamp dragon scal |       |       |       |    50 ||    50
Dodge: Dodged            |    87 |   139 |   307 |   336 ||   869
       Rpst.: Falchion   |    12 |       |       |       ||    12
       Scimitar          |       |       |       |     4 ||     4
